 Dungeon Crawl Stone Soup version 0.25-a0-681-gdf4e720381 (webtiles) character file.

Game seed: 6549029491277980860, levelgen mode: deterministic

51 DerDa the Firebug (level 3, -4/24 HPs)
             Began as a Demonspawn Fire Elementalist on Mar 30, 2020.
             Slain by a gnoll
             ... wielding a +2 flail of protection
              (10 damage)
             ... on level 2 of the Dungeon.
             The game lasted 00:03:48 (1077 turns).

DerDa the Firebug (Demonspawn Fire Elementalist)    Turns: 1077, Time: 00:03:48

Health: -4/24      AC:  2    Str:  8    XL:     3   Next: 58%
Magic:  1/7        EV: 12    Int: 17    God:
Gold:   29         SH:  0    Dex: 13    Spells: 6/7 levels left

rFire    . . .     SeeInvis .   e - +2 hand axe (venom)
rCold    . . .     Gourm    .   (no shield)
rNeg     . . .     Faith    .   a - +0 robe
rPois    .         Spirit   .   (helmet restricted)
rElec    .         Reflect  .   (no cloak)
rCorr    .         Harm     .   (no gloves)
MR       .....                  (no boots)
Stlth    ++........             (no amulet)
HPRegen  0.08/turn              (no ring)
MPRegen  0.10/turn              (no ring)

@: no status effects
A: antennae 1, hooves 1
a: no special abilities


You were on level 2 of the Dungeon.
You were hungry.

You visited 1 branch of the dungeon, and saw 2 of its levels.

You collected 29 gold pieces.

Inventory:

Hand Weapons
 e - a +2 hand axe of venom (weapon)
Armour
 a - a +0 robe (worn)
Scrolls
 b - a scroll of magic mapping {unknown}
 f - a scroll of fear {unknown}
 g - a scroll of fog {unknown}
 h - 2 scrolls of identify {unknown}
 k - a scroll of enchant weapon {unknown}
Potions
 i - a potion of heal wounds {unknown}
 j - a potion of resistance {unknown}
Comestibles
 c - a ration
 d - 3 chunks of flesh


   Skills:
 - Level 1.7 Dodging
 - Level 1.7 Stealth
 * Level 2.7 Spellcasting
 * Level 2.1 Conjurations
 * Level 3.2 Fire Magic


You had 6 spell levels left.
You knew the following spells:

 Your Spells              Type           Power        Failure   Level  Hunger
a - Foxfire               Conj/Fire      ##..         6%          1    #......

Your spell library contained the following spells:

 Spells                   Type           Power        Failure   Level  Hunger
 Conjure Flame            Conj/Fire      ##......     19%         3    ###....
 Inner Flame              Hex/Fire       #.......     28%         3    ###....
 Sticky Flame             Conj/Fire      ##......     52%         4    #####..
 Fireball                 Conj/Fire      ##........   86%         5    ######.


Dungeon Overview and Level Annotations

Branches:
Dungeon (2/15)

Altars:


Innate Abilities, Weirdness & Mutations

You have a pair of small antennae on your head.
You have large cloven feet.


Message History

You hit the gnoll.
You kill the gnoll!
A gnoll comes into view.
It is wielding a +2 flail of protection.
You see here a +0 spear.
Casting: Foxfire (safe; 6% risk of failure)
Confirm with . or Enter, or press ? or * to list all spells.
You conjure some foxfire!
The foxfire hits the gnoll but does no damage. x2
There is a stone staircase leading up here.
You hit the gnoll but do no damage.
The gnoll is poisoned.
The gnoll misses you.
You hit the gnoll but do no damage.
The gnoll looks as sick as possible!
Your kick misses the gnoll.
The gnoll hits you with a +2 flail of protection!
The gnoll hits you with a +2 flail of protection.
* * * LOW HITPOINT WARNING * * *
You hit the gnoll.
The gnoll looks as sick as possible!
The gnoll is heavily wounded.
The gnoll hits you with a +2 flail of protection!
You die...

...... ..# ......
#.# ...... ..#
...... .########.#
...(.. ......†.>.#
...... ######.#.#
†...(.########g#.#
.............#.#)#
##.#.....g..{#.g@#
#...........###.#
#...............#
#...........###.#
#.##+#+####.# #+
#÷# #.####.##
#........
#..≈≈≈≈≈.


You could see a gnoll.

Vanquished Creatures
  An adder (D:2)
  2 gnolls (D:2)
  2 bats
  2 giant cockroaches (D:1)
  A hobgoblin (D:1)
  9 jackals
  A quokka (D:2)
  A ball python (D:1)
  A frilled lizard (D:1)
  2 rats (D:1)
22 creatures vanquished.

Vanquished Creatures (others)
  25 foxfires
25 creatures vanquished.

Grand Total: 47 creatures vanquished

Notes
Turn   | Place    | Note
-------+----------+-------------------------------------------
     0 | D:1      | DerDa the Demonspawn Fire Elementalist began the quest for
                  | the Orb.
     0 | D:1      | Reached XP level 1. HP: 13/13 MP: 3/3
   316 | D:1      | Gained mutation: You have large cloven feet. [demonic
                  | ancestry]
   316 | D:1      | Reached XP level 2. HP: 15/19 MP: 5/5
   516 | D:1      | Reached skill level 3 in Fire Magic
  1013 | D:2      | Gained mutation: You have a pair of small antennae on your
                  | head. [demonic ancestry]
  1013 | D:2      | Reached XP level 3. HP: 24/24 MP: 2/6
  1077 | D:2      | Slain by a gnoll

Levels and vault maps discovered:
D:1:      kilobyte_arrival_exit_the_forest, layout_basic,
          minmay_misc_feat_cross, minmay_shallow_snake_nest
D:2:      layout_basic, minivault_14

Skill      XL: |  1  2  3 |
---------------+----------+-----
Fire Magic     | 3 |  3.2
Conjurations   | 2 |  2.1
Dodging        | |  1.7
Stealth        | |  1.7
Spellcasting   | |  2.7

Action                   || total
-------------------------++-------
Melee: Hand axe          ||    31
 Cast: Foxfire           ||    14
Armor: Robe              ||     7
Dodge: Dodged            ||    39

Table legend:
 A = Non-vault XP
 B = Vault XP
 C = Vault XP percentage of total XP
 D = Non-vault monster count
 E = Vault monster count
 F = Vault count percentage of total count
                 A         B        C        D         E       F
            +---------+---------+-------+---------+---------+-------
      Total |      73 |       1 |   1.4 |      21 |       1 |   4.5
            +---------+---------+-------+---------+---------+-------
        D:1 |      21 |       1 |   4.5 |      12 |       1 |   7.7
        D:2 |      52 |       0 |   0.0 |       9 |       0 |   0.0
            +---------+---------+-------+---------+---------+-------
